 Dungeon Crawl Stone Soup version 0.30-a0-586-g23e55c9e0a (webtiles) character file.

Game seed: 8428451646647804003

152 DavidChitty2 the Trooper (level 5, 0/47 HPs)
             Began as a Minotaur Fighter on Jan 3, 2023.
             Slain by an orc priest
             ... wielding a +0 trident
              (7 damage)
             ... on level 4 of the Dungeon.
             The game lasted 00:02:36 (2697 turns).

DavidChitty2 the Trooper (Minotaur Fighter)         Turns: 2697, Time: 00:02:37

Health: 0/47       AC: 10    Str: 22    XL:     5   Next: 11%
Magic:  4/4        EV:  9    Int:  5    God:
Gold:   105        SH:  0    Dex: 10    Spells: 4/4 levels left

rFire   . . .      SeeInvis .    a - +0 war axe
rCold   . . .      Faith    .    c - +0 buckler
rNeg    . . .      Spirit   .    b - +0 scale mail
rPois   .          Reflect  .    s - +2 hat
rElec   .          Harm     .    (no cloak)
rCorr   .          Rampage  .    h - +0 pair of gloves
Will    .....                    (no boots) Stlth
                                 e - amulet of regeneration
HPRegen 1.07/turn                (no ring)
MPRegen 0.09/turn                (no ring)

@: confused
A: horns 2, retaliatory headbutt
a: no special abilities


You were on level 4 of the Dungeon.
You visited 1 branch of the dungeon, and saw 4 of its levels.

You collected 105 gold pieces.

Inventory:

Hand Weapons
 a - a +0 war axe (weapon)
Armour
 b - a +0 scale mail (worn)
 c - a +0 buckler (worn)
 h - a +0 pair of gloves (worn)
   (You found it on level 1 of the Dungeon)
 s - a +2 hat (worn)
   (You found it on level 3 of the Dungeon)
Jewellery
 e - an amulet of regeneration (around neck)
   (You found it on level 2 of the Dungeon)
 t - a ring of ice
   (You found it on level 3 of the Dungeon)
Scrolls
 f - 3 scrolls of fear {unknown}
 g - a scroll of amnesia {unknown}
 i - 3 scrolls of identify {unknown}
 k - a scroll of vulnerability {unknown}
 l - a scroll of teleportation {unknown}
 m - a scroll of blinking {unknown}
 n - a scroll of magic mapping {unknown}
 o - 3 scrolls of noise {unknown}
 u - a scroll of torment {unknown}
 w - a scroll of enchant weapon {unknown}
 x - a scroll of enchant armour {unknown}
Potions
 d - 2 potions of might
 j - a potion of mutation {unknown}
 p - a potion of attraction {unknown}
 q - a potion of flight {unknown}
 r - a potion of haste {unknown}
 v - 2 potions of heal wounds {unknown}


   Skills:
 + Level 4.5 Fighting
 * Level 4.4 Axes
 + Level 4.5 Armour
 + Level 4.4 Shields


You had 4 spell levels left.
You didn't know any spells.
Your spell library contained the following spells:

 Spells                   Type           Power      Damage    Failure   Level
 Summon Small Mammal      Summ           0%         N/A       87%         1
 Call Canine Familiar     Summ           0%         N/A       99%         3
 Inner Flame              Hex/Fire       0%         N/A       99%         3
 Summon Guardian Golem    Hex/Summ       0%         N/A       99%         3
 Cause Fear               Hex            0%         N/A       100%        4
 Discord                  Hex            0%         N/A       100%        8


Dungeon Overview and Level Annotations

Branches:
Dungeon (4/15)
 Temple: D:4-7

Altars:

Shops:
D:2 (


Innate Abilities, Weirdness & Mutations

You have a pair of horns on your head.
You reflexively headbutt those who attack you in melee.


Message History

The orc wizard casts a spell.
The orc wizard flickers and vanishes!
Deactivating autopickup; reactivate with Ctrl-A.
The hobgoblin hits you but does no damage.
The orc priest barely misses you.
You barely miss the hobgoblin. You closely miss the ball python.
You feel less confused.
The ball python bites you but does no damage.
You block the ball python's attack. You block the hobgoblin's attack.
The orc priest mumbles some strange prayers to Beogh against you.
Beogh smites you!
You slash the hobgoblin!
You kill the hobgoblin!
You slash the ball python!
You kill the ball python!
The orc priest hits you but does no damage.
A magic dart appears from out of thin air!
The magic dart hits you.
The orc priest hits you but does no damage.
Something hits you but does no damage.
You miss something.
The orc priest hits you from afar with a +0 trident.
Something hits you.
* * * LOW HITPOINT WARNING * * *
You miss something.
The orc priest invokes the aid of Beogh against you.
You barely resist. Something hits you but does no damage.
The orc priest begins to cast a cantrip, but forgets the words!
Something hits you but does no damage.
Unknown command.
You miss something.
The orc priest invokes the aid of Beogh against you.
Beogh smites you!
* * * LOW HITPOINT WARNING * * *
Something hits you but does no damage.
A worm comes into view.
You hit something but do no damage.
The orc priest hits you from afar with a +0 trident.
* * * LOW HITPOINT WARNING * * *
You hear some strange, mumbled words.
You are confused.
You closely miss something. Your headbutt misses something.
The orc priest misses you.
You hear some strange, mumbled words.
A magic dart appears from out of thin air!
The magic dart hits you.
* * * LOW HITPOINT WARNING * * *
The orc priest hits you from afar with a +0 trident!
You die...

#
######################
......................
##########.###.####.##
###.###'####.###
#...##..).......
##..#.).....###
#...#..o.{..###.#
##...#....@......#
#...###.......####
#...# #.......# ##...#
#....$..#
###...###........w.
###.....#
#.......##...
##.....)## #.#.####.
..# #.....### #.#. .<
.# #...### # #: #..


You could see a worm and an orc priest.

Vanquished Creatures
  An iguana (D:4)
  5 adders
  A worm (D:2)
  3 dart slugs
  6 orcs (D:4)
  5 endoplasms
  6 giant cockroaches
  5 goblins
  3 hobgoblins
  5 quokkas
  6 ball pythons
  3 bats
  6 kobolds
  6 rats
61 creatures vanquished.

Vanquished Creatures (others)
  2 fungi (D:1)
  A plant (D:1)
3 creatures vanquished.

Grand Total: 64 creatures vanquished

Notes
Turn   | Place    | Note
-------+----------+-------------------------------------------
     0 | D:1      | DavidChitty2 the Minotaur Fighter began the quest for the
                  | Orb.
     0 | D:1      | Reached XP level 1. HP: 19/19 MP: 0/0
   135 | D:1      | Reached XP level 2. HP: 27/27 MP: 1/1
   998 | D:2      | Reached XP level 3. HP: 33/33 MP: 2/2
  1379 | D:2      | Reached XP level 4. HP: 38/40 MP: 3/3
  1525 | D:2      | Found Ojius's Weapon Boutique.
  2419 | D:4      | Reached XP level 5. HP: 47/47 MP: 4/4
  2697 | D:4      | Slain by an orc priest

Illustrated notes

Levels and vault maps discovered:
D:1:      dpeg_arrival_prison, layout_loops_cross, chequers_big_river,
          minmay_misc_feat_roman, kennysheep_decorative_pillar
D:2:      layout_loops_ring, serial_shops, shop, kennysheep_cross_room
D:3:      layout_basic
D:4:      layout_basic, minmay_temple_entry_poolview, serial_curves,
          eino_curves_02, eino_curves_04, eino_curves_01, eino_curves_03

Skill      XL: |  1  2  3  4 |
---------------+-------------+-----
Axes           | 3 4 |  4.4
Fighting       | 4 |  4.5
Armour         | 4 |  4.5
Shields        | 4 |  4.4

Action                   |  1- 3 |  4- 6 || total
-------------------------+-------+-------++-------
Melee: War axe           |    81 |    55 ||   136
       Headbutt          |    11 |     5 ||    16
Armor: Scale mail        |    49 |    40 ||    89
Dodge: Dodged            |    43 |    30 ||    73
Block: Buckler           |    16 |    10 ||    26

Table legend: (Time is in decaauts)
 A = Elapsed time spent in this place.
 B = Non-inter-level travel time spent in this place.
 C = Inter-level travel time spent in this place.
 D = Time resting spent in this place.
 E = Time spent auto-exploring this place.
 F = Levels seen in this place.
 G = Mean time per level.
                   A        B        C        D        E       F      G
               +--------+--------+--------+--------+--------+-----+--------+
         Total |   2753 |   2688 |     65 |      3 |   2213 |   4 |  688.2 |
       Dungeon |   2753 |   2688 |     65 |      3 |   2213 |   4 |  688.2 |
               +--------+--------+--------+--------+--------+-----+--------+

Top non-repeatable levels by time:
     D:1: 1000 daAuts
     D:2: 815 daAuts
     D:3: 487 daAuts
     D:4: 450 daAuts
